 Dungeon Crawl Stone Soup version 0.31-a0-180-g519b7de00c (webtiles) character file.

Game seed: 16098549373970825180

2566 qw the Skirmisher (level 9, -6/82 HPs)
             Began as a Naga Hunter on June 20, 2023.
             Was a Follower of Okawaru.
             Mangled by a sun demon (9 damage)
             ... summoned by an obsidian statue
             ... on level 9 of the Dungeon.
             The game lasted 00:03:16 (6544 turns).

qw the Skirmisher (Naga Hunter)                     Turns: 6544, Time: 00:03:17

Health: -6/82      AC: 12    Str: 13    XL:     9   Next: 57%
Magic:  10/12      EV: 12    Int: 18    God:    Okawaru [*.....]
Gold:   377        SH:  0    Dex: 19    Spells: 8/8 levels left

rFire   + . .        Y - +4 shortbow
rCold   + + .        (shield currently unavailable)
rNeg    . . .        n - +0 robe {rF+}
rPois   +            (no helmet)
rElec   .            d - +0 cloak
rCorr   .            l - +0 pair of gloves
SInv    +            i - +0 barding
Will    +....        (no amulet)
Stlth   ++++         e - ring of protection from cold
HPRegen 0.33/turn    m - ring "Eklohuav" {rC+ Int+8}
MPRegen 0.13/turn

%: no passive effects
@: about to teleport, heroic, very slow
A: AC +3, large, see invisible, deformed body, poison resistance, slowness 2,
spit poison 1, naga tail 1
a: Spit Poison, Renounce Religion, Heroism


You were on level 9 of the Dungeon.
You worshipped Okawaru.
Okawaru was aware of your devotion.
You visited 1 branch of the dungeon, and saw 9 of its levels.
You also visited: Sewer.

You collected 377 gold pieces.


Innate Abilities, Weirdness & Mutations

Your serpentine skin is tough. (AC +3)
You have supernaturally acute eyesight. (SInv)
Armour fits poorly on your strangely shaped body.
Your system is resistant to poisons. (rPois)
You cover ground very slowly.
You can spit poison.
You have a snake-like lower body.


   Skills:
 - Level 6.0(11.0) Fighting
 + Level 9.7(14.7) Ranged Weapons
 - Level 2.0(7.0) Armour
 - Level 3.0(8.0) Dodging
 - Level 1.5(6.5) Stealth
 - Level 4.0 Invocations


You had 8 spell levels left.
You didn't know any spells.
Your spell library was empty.

Inventory:

Hand Weapons
 Y - a +4 shortbow (weapon)
Armour
 d - a +0 cloak (worn)
 i - a +0 barding (worn)
 l - a +0 pair of gloves (worn)
 n - a +0 robe of fire resistance (worn)
 r - +0 steam dragon scales
Jewellery
 e - a ring of protection from cold (left hand)
 m - the ring "Eklohuav" (right hand) {rC+ Int+8}
   (You found it on level 5 of the Dungeon)

   [ring of protection from cold]

   Int:       It affects your intelligence (+8).
   rC:        It protects you from cold.
Scrolls
 a - a scroll of identify
 f - 3 scrolls of teleportation
Potions
 b - 2 potions of resistance
 g - 2 potions of haste
 h - 2 potions of cancellation
 j - a potion of curing
 t - a potion of mutation

Dungeon Overview and Level Annotations

Branches:
Dungeon (9/15)             Temple (0/1) D:7            Lair (0/5) D:9
  Sewer (visited)
    Orc: D:9-12

Altars:
Okawaru
Qazlal
Ru
Uskayaw
Xom

Annotations:
D:4 1 runed translucent door, Crazy Yiuf
D:9 exclusion: obsidian statue


Message History

The quasit closely misses you.
You shoot an arrow. The arrow hits the quasit!
The quasit is severely wounded.
The sun demon hits you!
You are engulfed in flames!
You resist.
The quasit bites you but does no damage.
The quasit barely misses you.
The quasit claws you but does no damage.
You shoot an arrow. The arrow hits the quasit!
You kill the quasit!
The quasit disappears in a puff of smoke!
The sun demon hits you but does no damage.
You shoot an arrow. The arrow hits the sun demon.
The sun demon is lightly wounded.
The sun demon hits you.
You are engulfed in flames!
You resist. The ufetubus closely misses you.
The ufetubus hits you but does no damage.
You shoot an arrow.
The arrow hits the sun demon but does no damage.
The sun demon is lightly wounded.
You feel like a meek peon again.
The ufetubus hits you but does no damage.
The ufetubus barely misses you. The sun demon hits you!!
You are engulfed in flames.
You resist.
6542 ||| READING 4 scrolls of teleportation.
As you read the scroll of teleportation, it crumbles to dust.
You feel strangely unstable. The ufetubus barely misses you.
The ufetubus misses you.
The sun demon hits you but does no damage.
The ufetubus closely misses you. The ufetubus barely misses you.
6543 ||| DRINKING potion of heal wounds.
You feel much better.
You have got your breath back.
The sun demon hits you.
You are engulfed in flames!
You resist.
The ufetubus hits you but does no damage.
The ufetubus closely misses you.
6544 ||| INVOKING Heroism.
You gain the combat prowess of a mighty hero.
The ufetubus hits you but does no damage. x2
The sun demon hits you!
You are engulfed in flames!
You resist.
You die...

........#
#.!)!...#
.!888)..#
.[888)..#
.)888(..#####
#.)}[.......###
#...#..###...## #
#35# ##...##
#@.###.....##
#..##.......#
#..##.......##
#..#.........#
#..#.........#####
#.......>.......#.
#..#...[.....##...
#..#.........##...
##....P..###...


You could see a sun demon (summoned) and an ufetubus (summoned).

Vanquished Creatures
  2 steam dragons (D:7)
  2 wargs (D:9)
  A water moccasin (D:5)
  A centaur (D:6)
  3 ogres
  A phantom (D:6)
  8 kobold brigands
  2 bullfrogs
  2 scorpions (D:6)
  A jelly (D:5)
  A gnoll bouda (D:5)
  2 orc priests (D:9)
  2 hounds
  4 iguanas
  Ijyb (D:4)
  4 orc wizards
  14 adders
  3 gnolls (D:5)
  2 river rats (Sewer)
  3 white imps (D:7)
  2 ufetubi
  5 worms
  5 dart slugs
  12 orcs
  13 ball pythons
  8 endoplasms
  5 giant cockroaches
  6 goblins
  5 hobgoblins
  4 jackals (D:5)
  9 quokkas
  4 bats (D:1)
  4 frilled lizards
  16 kobolds
  6 rats
163 creatures vanquished.

Notes
Turn   | Place    | Note
-------+----------+-------------------------------------------
     0 | D:1      | qw the Naga Hunter began the quest for the Orb.
     0 | D:1      | Reached XP level 1. HP: 19/19 MP: 1/1
     0 | D:1      | 0 ||| qw: Version: 0.3-a-9-g12657ce
     0 | D:1      | 0 ||| qw: Game counter: 1128
     0 | D:1      | 0 ||| qw: Always use a shield: true
     0 | D:1      | 0 ||| qw: God list: Okawaru
     0 | D:1      | 0 ||| qw: Allow faded altars: false
     0 | D:1      | 0 ||| qw: Do Orc after D:15 true
     0 | D:1      | 0 ||| qw: Do second Lair branch before Depths: true
     0 | D:1      | 0 ||| qw: Lair rune preference: random
     0 | D:1      | 0 ||| qw: Plans: Normal
     0 | D:1      | 0 ||| PLANNING D:1-11
    15 | D:1      | 15 ||| INVOKING Spit Poison.
    62 | D:1      | 62 ||| INVOKING Spit Poison.
    66 | D:1      | 66 ||| INVOKING Spit Poison.
    67 | D:1      | Reached skill level 4 in Ranged Weapons
    67 | D:1      | Reached XP level 2. HP: 25/26 MP: 2/2
    72 | D:1      | 72 ||| INVOKING Spit Poison.
   112 | D:1      | 112 ||| INVOKING Spit Poison.
   117 | D:1      | 117 ||| INVOKING Spit Poison.
   120 | D:1      | 120 ||| INVOKING Spit Poison.
   123 | D:1      | 123 ||| INVOKING Spit Poison.
   143 | D:1      | 143 ||| INVOKING Spit Poison.
   183 | D:1      | 183 ||| INVOKING Spit Poison.
   241 | D:1      | 241 ||| INVOKING Spit Poison.
   253 | D:1      | 253 ||| INVOKING Spit Poison.
   258 | D:1      | 258 ||| INVOKING Spit Poison.
   276 | D:1      | 276 ||| INVOKING Spit Poison.
   282 | D:1      | 282 ||| INVOKING Spit Poison.
   288 | D:1      | 288 ||| INVOKING Spit Poison.
   289 | D:1      | Reached XP level 3. HP: 30/32 MP: 3/3
   319 | D:1      | 319 ||| INVOKING Spit Poison.
   328 | D:1      | 328 ||| INVOKING Spit Poison.
   331 | D:1      | 331 ||| INVOKING Spit Poison.
   355 | D:1      | 355 ||| INVOKING Spit Poison.
   520 | D:1      | 520 ||| UPGRADING to ring of protection from cold.
   521 | D:1      | 521 ||| READING 3 scrolls labelled UNUD IPLA ODA.
   522 | D:1      | 522 ||| READING 3 scrolls labelled LUIMMEQA JYTE.
   526 | D:1      | 526 ||| READING scroll labelled QYONAIREEGE.
   527 | D:1      | 527 ||| READING 2 scrolls of identify.
   527 | D:1      | 527 ||| IDENTIFYING sapphire potion
   528 | D:1      | 528 ||| DROPPING scroll of butterflies.
   701 | D:2      | 701 ||| INVOKING Spit Poison.
   707 | D:2      | 707 ||| INVOKING Spit Poison.
   784 | D:2      | 784 ||| INVOKING Spit Poison.
   787 | D:2      | 787 ||| INVOKING Spit Poison.
   797 | D:2      | 797 ||| INVOKING Spit Poison.
   802 | D:2      | 802 ||| INVOKING Spit Poison.
   852 | D:2      | Found a faded altar of an unknown god.
  1054 | D:2      | 1054 ||| READING scroll labelled OMAZXA GINIME.
  1055 | D:2      | 1055 ||| READING scroll labelled QEUHOTWOHEFE.
  1056 | D:2      | 1056 ||| DRINKING 3 coppery potions.
  1057 | D:2      | 1057 ||| READING 3 scrolls of identify.
  1057 | D:2      | 1057 ||| IDENTIFYING bubbling black potion
  1058 | D:2      | 1058 ||| READING 2 scrolls of identify.
  1058 | D:2      | 1058 ||| IDENTIFYING red potion
  1059 | D:2      | 1059 ||| DROPPING potion of attraction.
  1085 | D:3      | 1085 ||| INVOKING Spit Poison.
  1092 | D:3      | 1092 ||| INVOKING Spit Poison.
  1094 | D:3      | Reached skill level 5 in Ranged Weapons
  1094 | D:3      | Reached XP level 4. HP: 31/39 MP: 4/4
  1096 | D:3      | 1096 ||| INVOKING Spit Poison.
  1263 | D:3      | 1263 ||| INVOKING Spit Poison.
  1283 | D:3      | 1283 ||| INVOKING Spit Poison.
  1287 | D:3      | 1287 ||| INVOKING Spit Poison.
  1293 | D:3      | 1293 ||| INVOKING Spit Poison.
  1351 | D:3      | 1351 ||| INVOKING Spit Poison.
  1376 | D:3      | 1376 ||| INVOKING Spit Poison.
  1380 | D:3      | 1380 ||| INVOKING Spit Poison.
  1384 | D:3      | 1384 ||| INVOKING Spit Poison.
  1385 | D:3      | Reached skill level 3 in Fighting
  1481 | D:3      | 1481 ||| INVOKING Spit Poison.
  1486 | D:3      | Reached XP level 5. HP: 49/49 MP: 5/5
  1498 | D:3      | 1498 ||| INVOKING Spit Poison.
  1536 | D:3      | 1536 ||| INVOKING Spit Poison.
  1563 | D:3      | 1563 ||| INVOKING Spit Poison.
  1644 | D:3      | Found a shimmering altar of Xom.
  1648 | D:3      | 1648 ||| INVOKING Spit Poison.
  1961 | D:3      | 1961 ||| UPGRADING to +0 barding.
  1966 | D:3      | 1966 ||| READING scroll labelled JOSOBEASKE.
  1967 | D:3      | 1967 ||| DRINKING 2 black potions.
  1997 | D:3      | 1997 ||| READING 2 scrolls of identify.
  1997 | D:3      | 1997 ||| IDENTIFYING bubbling purple potion
  1998 | D:3      | 1998 ||| DROPPING potion of lignification.
  2048 | D:4      | Noticed an ogre
  2049 | D:4      | 2049 ||| PLANNING SEWER
  2049 | D:4      | 2049 ||| INVOKING Spit Poison.
  2052 | D:4      | 2052 ||| INVOKING Spit Poison.
  2056 | D:4      | 2056 ||| INVOKING Spit Poison.
  2057 | D:4      | HP: 12/49 [orc/+0 mace (7)]
  2058 | D:4      | 2058 ||| READING 2 scrolls of teleportation.
  2059 | D:4      | 2059 ||| DRINKING potion of heal wounds.
  2060 | D:4      | 2060 ||| INVOKING Spit Poison.
  2133 | D:4      | 2133 ||| INVOKING Spit Poison.
  2161 | D:4      | 2161 ||| INVOKING Spit Poison.
  2166 | D:4      | 2166 ||| INVOKING Spit Poison.
  2169 | D:4      | 2169 ||| INVOKING Spit Poison.
  2173 | D:4      | 2173 ||| INVOKING Spit Poison.
  2208 | D:4      | 2208 ||| INVOKING Spit Poison.
  2223 | D:4      | Reached skill level 1 in Armour
  2225 | D:4      | 2225 ||| INVOKING Spit Poison.
  2230 | D:4      | Found a glowing drain.
  2231 | D:4      | 2231 ||| INVOKING Spit Poison.
  2240 | D:4      | 2240 ||| UPGRADING to +0 cloak.
  2245 | D:4      | 2245 ||| READING scroll labelled RUHOUTRYILL.
  2328 | D:4      | 2328 ||| READING scroll labelled EHON AQUORE.
  2334 | Sewer    | Entered a sewer
  2361 | Sewer    | 2361 ||| INVOKING Spit Poison.
  2365 | Sewer    | 2365 ||| FLEEEEING.
  2366 | Sewer    | 2366 ||| FLEEEEING.
  2367 | Sewer    | 2367 ||| FLEEEEING.
  2368 | Sewer    | 2368 ||| FLEEEEING.
  2369 | Sewer    | 2369 ||| FLEEEEING.
  2370 | Sewer    | 2370 ||| FLEEEEING.
  2371 | Sewer    | 2371 ||| FLEEEEING.
  2375 | Sewer    | 2375 ||| INVOKING Spit Poison.
  2378 | Sewer    | 2378 ||| INVOKING Spit Poison.
  2474 | Sewer    | Noticed a kobold brigand
  2478 | Sewer    | 2478 ||| INVOKING Spit Poison.
  2483 | Sewer    | 2483 ||| INVOKING Spit Poison.
  2486 | Sewer    | Killed a kobold brigand
  2487 | Sewer    | Reached skill level 6 in Ranged Weapons
  2487 | Sewer    | Reached XP level 6. HP: 48/56 MP: 6/6
  2550 | Sewer    | 2550 ||| INVOKING Spit Poison.
  2553 | Sewer    | 2553 ||| INVOKING Spit Poison.
  2595 | Sewer    | 2595 ||| INVOKING Spit Poison.
  2597 | Sewer    | 2597 ||| INVOKING Spit Poison.
  2602 | Sewer    | 2602 ||| INVOKING Spit Poison.
  2606 | Sewer    | 2606 ||| INVOKING Spit Poison.
  2608 | Sewer    | 2608 ||| INVOKING Spit Poison.
  2739 | Sewer    | 2739 ||| INVOKING Spit Poison.
  2745 | Sewer    | 2745 ||| INVOKING Spit Poison.
  2750 | Sewer    | Reached XP level 7. HP: 47/66 MP: 7/7
  2821 | Sewer    | 2821 ||| INVOKING Spit Poison.
  2826 | Sewer    | 2826 ||| INVOKING Spit Poison.
  2833 | Sewer    | 2833 ||| INVOKING Spit Poison.
  2879 | Sewer    | 2879 ||| INVOKING Spit Poison.
  2905 | Sewer    | 2905 ||| INVOKING Spit Poison.
  2946 | Sewer    | 2946 ||| INVOKING Spit Poison.
  2950 | Sewer    | 2950 ||| INVOKING Spit Poison.
  2953 | Sewer    | 2953 ||| INVOKING Spit Poison.
  3019 | Sewer    | 3019 ||| INVOKING Spit Poison.
  3022 | Sewer    | 3022 ||| INVOKING Spit Poison.
  3027 | Sewer    | 3027 ||| INVOKING Spit Poison.
  3107 | Sewer    | 3107 ||| INVOKING Spit Poison.
  3114 | Sewer    | 3114 ||| INVOKING Spit Poison.
  3116 | Sewer    | Reached skill level 7 in Ranged Weapons
  3129 | Sewer    | 3129 ||| INVOKING Spit Poison.
  3139 | Sewer    | 3139 ||| READING scroll labelled RUFESI CEIKI.
  3140 | Sewer    | 3140 ||| DRINKING 2 fuming clear potions.
  3141 | Sewer    | 3141 ||| DROPPING potion of invisibility.
  3164 | D:4      | 3164 ||| PLANNING D:1-11
  3204 | D:4      | 3204 ||| INVOKING Spit Poison.
  3301 | D:4      | 3301 ||| INVOKING Spit Poison.
  3302 | D:4      | 3302 ||| INVOKING Spit Poison.
  3344 | D:4      | 3344 ||| INVOKING Spit Poison.
  3379 | D:4      | 3379 ||| INVOKING Spit Poison.
  3382 | D:4      | 3382 ||| INVOKING Spit Poison.
  3385 | D:4      | Reached XP level 8. HP: 57/73 MP: 8/8
  3470 | D:4      | 3470 ||| INVOKING Spit Poison.
  3528 | D:4      | Noticed Ijyb
  3531 | D:4      | 3531 ||| INVOKING Spit Poison.
  3535 | D:4      | 3535 ||| INVOKING Spit Poison.
  3535 | D:4      | Killed Ijyb
  3539 | D:4      | 3539 ||| INVOKING Spit Poison.
  3544 | D:4      | 3544 ||| INVOKING Spit Poison.
  3584 | D:4      | Found a runed translucent door.
  3585 | D:4      | Noticed Crazy Yiuf
  4227 | D:5      | Entered Level 5 of the Dungeon
  4237 | D:5      | 4237 ||| READING scroll of enchant weapon.
  4237 | D:5      | 4237 ||| ENCHANTING +1 shortbow.
  4260 | D:5      | 4260 ||| INVOKING Spit Poison.
  4279 | D:5      | 4279 ||| INVOKING Spit Poison.
  4284 | D:5      | 4284 ||| INVOKING Spit Poison.
  4289 | D:5      | 4289 ||| INVOKING Spit Poison.
  4313 | D:5      | Identified the ring "Eklohuav" {rC+ Int+8}
  4365 | D:5      | 4365 ||| INVOKING Spit Poison.
  4380 | D:5      | 4380 ||| INVOKING Spit Poison.
  4400 | D:5      | 4400 ||| INVOKING Spit Poison.
  4406 | D:5      | Reached skill level 8 in Ranged Weapons
  4422 | D:5      | Found a stormy altar of Qazlal.
  4422 | D:5      | Found an iron altar of Okawaru.
  4423 | D:5      | 4423 ||| PLANNING OKAWARU WORSHIP
  4423 | D:5      | 4423 ||| UPGRADING to +0 pair of gloves.
  4428 | D:5      | 4428 ||| UPGRADING to ring "Eklohuav" {rC+ Int+8}.
  4429 | D:5      | 4429 ||| READING 2 scrolls of identify.
  4429 | D:5      | 4429 ||| IDENTIFYING fuming orange potion
  4436 | D:5      | Became a worshipper of Warmaster Okawaru
  4437 | D:5      | 4437 ||| PLANNING D:1-11
  4491 | D:5      | Found a sacrificial altar of Ru.
  4492 | D:5      | 4492 ||| INVOKING Spit Poison.
  4498 | D:5      | 4498 ||| INVOKING Spit Poison.
  4506 | D:5      | 4506 ||| INVOKING Spit Poison.
  4517 | D:5      | 4517 ||| INVOKING Spit Poison.
  4529 | D:5      | 4529 ||| INVOKING Spit Poison.
  4533 | D:5      | 4533 ||| INVOKING Spit Poison.
  4553 | D:5      | 4553 ||| INVOKING Spit Poison.
  4556 | D:5      | 4556 ||| Stepping ~*~*~tactically~*~*~ (outnumbered).
  4557 | D:5      | 4557 ||| INVOKING Spit Poison.
  4564 | D:5      | 4564 ||| INVOKING Spit Poison.
  4570 | D:5      | 4570 ||| INVOKING Spit Poison.
  4575 | D:5      | 4575 ||| INVOKING Spit Poison.
  4579 | D:5      | 4579 ||| INVOKING Spit Poison.
  4989 | D:5      | 4989 ||| INVOKING Spit Poison.
  4993 | D:5      | 4993 ||| INVOKING Spit Poison.
  5224 | D:5      | 5224 ||| INVOKING Spit Poison.
  5278 | D:5      | 5278 ||| UPGRADING to +0 robe of fire resistance.
  5386 | D:6      | 5386 ||| INVOKING Spit Poison.
  5406 | D:6      | 5406 ||| INVOKING Spit Poison.
  5410 | D:6      | 5410 ||| INVOKING Spit Poison.
  5417 | D:6      | 5417 ||| INVOKING Spit Poison.
  5421 | D:6      | Reached * piety under Okawaru
  5457 | D:6      | 5457 ||| INVOKING Spit Poison.
  5466 | D:6      | 5466 ||| INVOKING Spit Poison.
  5580 | D:6      | 5580 ||| INVOKING Spit Poison.
  5603 | D:6      | 5603 ||| INVOKING Spit Poison.
  5607 | D:6      | 5607 ||| INVOKING Spit Poison.
  5609 | D:6      | Reached skill level 9 in Ranged Weapons
  5609 | D:6      | Reached skill level 1 in Invocations
  5685 | D:6      | 5685 ||| INVOKING Spit Poison.
  5686 | D:6      | Reached XP level 9. HP: 81/81 MP: 10/10
  5690 | D:6      | 5690 ||| INVOKING Spit Poison.
  5713 | D:6      | Reached skill level 3 in Dodging
  5776 | D:6      | 5776 ||| READING scroll labelled CIEL LORIORGHO.
  5784 | D:7      | Found a hide-covered altar of Uskayaw.
  5857 | D:7      | Found a staircase to the Ecumenical Temple.
  5866 | D:7      | 5866 ||| INVOKING Spit Poison.
  5869 | D:7      | Reached skill level 3 in Invocations
  5907 | D:7      | 5907 ||| INVOKING Spit Poison.
  5942 | D:7      | 5942 ||| INVOKING Heroism.
  5943 | D:7      | 5943 ||| INVOKING Spit Poison.
  6021 | D:7      | 6021 ||| INVOKING Heroism.
  6022 | D:7      | 6022 ||| INVOKING Spit Poison.
  6027 | D:7      | Reached skill level 6 in Fighting
  6116 | D:7      | 6116 ||| INVOKING Spit Poison.
  6266 | D:7      | 6266 ||| INVOKING Spit Poison.
  6272 | D:7      | 6272 ||| INVOKING Spit Poison.
  6336 | D:7      | 6336 ||| READING 2 scrolls of enchant weapon.
  6336 | D:7      | 6336 ||| ENCHANTING +2 shortbow.
  6337 | D:7      | 6337 ||| READING scroll of enchant weapon.
  6337 | D:7      | 6337 ||| ENCHANTING +3 shortbow.
  6366 | D:7      | 6366 ||| DROPPING +0 leather armour.
  6367 | D:7      | 6367 ||| READING scroll labelled DUUPRO FIER.
  6368 | D:7      | 6368 ||| READING 2 scrolls labelled WISHAXZ NEMAT.
  6369 | D:7      | 6369 ||| READING scroll labelled NYKHLOU ROKOTOF.
  6370 | D:7      | 6370 ||| READING 3 scrolls of identify.
  6370 | D:7      | 6370 ||| IDENTIFYING sedimented cyan potion
  6371 | D:7      | 6371 ||| READING 2 scrolls of identify.
  6371 | D:7      | 6371 ||| IDENTIFYING dark potion
  6372 | D:7      | 6372 ||| DROPPING potion of berserk rage.
  6373 | D:7      | 6373 ||| DROPPING scroll of vulnerability.
  6388 | D:8      | You fall into a shaft and drop 1 floor!
  6398 | D:9      | 6398 ||| INVOKING Heroism.
  6400 | D:9      | 6400 ||| Stepping ~*~*~tactically~*~*~ (outnumbered).
  6402 | D:9      | 6402 ||| INVOKING Spit Poison.
  6410 | D:9      | 6410 ||| INVOKING Spit Poison.
  6435 | D:9      | 6435 ||| INVOKING Spit Poison.
  6441 | D:9      | 6441 ||| INVOKING Spit Poison.
  6442 | D:9      | 6442 ||| DRINKING 2 potions of curing.
  6442 | D:9      | 6442 ||| (to cure confusion)
  6460 | D:9      | Found a staircase to the Lair.
  6519 | D:9      | Noticed an obsidian statue
  6520 | D:9      | 6520 ||| INVOKING Heroism.
  6527 | D:9      | Noticed a sun demon
  6534 | D:9      | 6534 ||| INVOKING Spit Poison.
  6541 | D:9      | HP: 9/82 [sun demon[an obsidian statue] (18)]
  6541 | D:9      | HP: 3/82 [sun demon[an obsidian statue] (6)]
  6542 | D:9      | 6542 ||| READING 4 scrolls of teleportation.
  6543 | D:9      | 6543 ||| DRINKING potion of heal wounds.
  6544 | D:9      | 6544 ||| INVOKING Heroism.
  6544 | D:9      | Mangled by a sun demon

Levels and vault maps discovered:
D:1:      mrwooster_arrival_statue_3, layout_basic, minmay_tetromino_i2
D:2:      layout_basic, chequers_ecumenical_altar_island,
          small_statue_intersection
D:3:      layout_loops_ring, xom_teletrap_fun, kennysheep_cross_room,
          minmay_unequal
D:4:      layout_basic, gup_sewer_entry_pipe, kennysheep_generic_room_13,
          uniq_ijyb, uniq_crazy_yiuf_cottage
D:5:      layout_basic, nicolae_ru_great_annihilating_truth,
          gammafunk_temple_overflow_pools, solitary_fountain
D:6:      layout_rooms
D:7:      layout_basic, eat_drink_and_be_merry_uskayaw, temple_pool_b
D:8:      hellmonk_destroyed_diamonds, layout_cave_pools,
          nicolae_overflow_hidden_temple
D:9:      layout_cave_pods, erik_lair_orcish_takeover, gammafunk_ghost_ooze,
          enter_bailey_4, minmay_protected_statue, uniq_maurice

Skill      XL: |  1  2  3  4  5  6  7  8  9 |
---------------+----------------------------+-----
Ranged Weapons | 4 5 6 7 9 |  9.7
Fighting       | 3 4 5 6 |  6.0
Armour         | 1 2 |  2.0
Dodging        | 2 3 |  3.0
Invocations    | 2 4 |  4.0
Stealth        | |  1.5

Action                     |  1- 3 |  4- 6 |  7- 9 || total
---------------------------+-------+-------+-------++-------
   Fire: Shortbow          |    77 |   137 |   294 ||   508
 Invoke: Heroism           |       |       |     5 ||     5
Ability: Spit Poison       |    28 |    40 |    69 ||   137
    Use: Scroll            |     8 |     5 |    12 ||    25
         Potion            |     1 |     2 |     3 ||     6
 Armour: Leather armour    |     9 |    20 |    30 ||    59
         Robe              |       |       |    48 ||    48
  Dodge: Dodged            |    24 |    38 |    63 ||   125

Table legend:
 A = Non-vault XP
 B = Vault XP
 C = Vault XP percentage of total XP
 D = Non-vault monster count
 E = Vault monster count
 F = Vault count percentage of total count
                 A         B        C        D         E       F
            +---------+---------+-------+---------+---------+-------
      Total |    2279 |    1387 |  37.8 |     110 |      53 |  32.5
            +---------+---------+-------+---------+---------+-------
        D:1 |      40 |       3 |   7.0 |      21 |       2 |   8.7
        D:2 |      30 |       0 |   0.0 |      11 |       0 |   0.0
        D:3 |     112 |      27 |  19.4 |      19 |       2 |   9.5
        D:4 |     290 |      52 |  15.2 |      16 |       9 |  36.0
        D:5 |     647 |      50 |   7.2 |      23 |       4 |  14.8
        D:6 |     514 |       0 |   0.0 |       9 |       0 |   0.0
        D:7 |     646 |       0 |   0.0 |      11 |       0 |   0.0
        D:9 |       0 |     478 | 100.0 |       0 |       8 | 100.0
      Sewer |       0 |     777 | 100.0 |       0 |      28 | 100.0
            +---------+---------+-------+---------+---------+-------
